Map: Echo LE (Void)

Players

Musumeci - Winner!

  • Race: Zerg Zerg
  • League: Diamond
  • Spawn Location: 11:00

BallaDream

  • Race: Terran Terran
  • League: Diamond
  • Spawn Location: 5:00

VOD

Have the link to the VOD?

Description

Time

  • Played on: Jan. 11, 2017, 1:44 p.m.
  • Length: 15:53
Show
View Real Time Build Order
Export as new Build Order

Musumeci Zerg - Winner!

Build Orders: 3 Hatch before Pool 

Get SALT Encoding   

  12  0:01  Drone  
  13  0:08  Drone  
  14  0:23  Drone, Extractor  
  15  0:40  Hatchery  
  15  0:45  Hatchery  
  15  0:49  Extractor  
  13  0:51  Drone  
  15  1:07  Spawning Pool  
  15  1:11  Extractor  
  13  1:19  Drone  
  14  1:26  Drone, Extractor  
  14  1:28  Overlord  
  16  1:46  Drone x2  
  18  1:51  Drone  
  18  1:53  Queen  
  21  1:58  Queen  
  23  2:09  Drone x3  
  26  2:16  Overlord  
  26  2:22  Drone  
  27  2:23  Drone  
  28  2:33  Queen  
  28  2:34  Drone  
  31  2:43  Spore Crawler  
  30  2:48  Extractor  
  28  2:54  Drone  
  28  2:55  Queen, Drone  
  28  2:57  Drone  
  28  2:58  Drone x2  
  37  3:15  Extractor  
  37  3:20  Overlord  
  37  3:22  Overlord  
  37  3:30  Extractor  
  36  3:39  Drone  
  38  3:44  Drone x2  
  38  3:46  Drone x3  
  42  3:54  Drone, Extractor  
  42  3:55  Drone, Extractor, Roach Warren  
  42  4:02  Hatchery  
  40  4:04  Evolution Chamber  
  40  4:05  Drone x2  
  40  4:06  Drone, Evolution Chamber  
  41  4:11  Drone  
  41  4:12  Drone x4  
  41  4:16  Overlord  
  46  4:35  Roach x3  
  46  4:37  Roach  
  54  4:40  Drone x4  
  54  4:41  Drone x2  
  54  4:42  Overlord  
  54  4:44  Extractor  
  59  5:01  Spore Crawler  
  59  5:02  Spore Crawler  
  59  5:04  Drone x2, Spore Crawler  
  59  5:05  Spore Crawler  
  57  5:08  Drone  
  57  5:09  Extractor  
  57  5:15  Drone  
  57  5:19  Roach x3  
  57  5:20  Drone x2  
  66  5:22  Drone  
  66  5:25  Lair  
  67  5:56  Roach x3  
  73  5:57  Overlord x3  
  73  5:58  Overlord  
  73  6:02  Zerg Ground Armor Level 1, Zerg Missile Weapons Level 1  
  73  6:06  Overlord  
  73  6:07  Overlord x3  
  73  6:17  Roach  
  73  6:18  Roach x5  
  85  6:20  Drone x4  
  85  6:22  Drone x2  
  85  6:23  Drone  
  85  6:25  Glial Reconstitution  
  92  6:33  Roach x4  
  92  6:36  Drone x2  
  92  6:37  Drone  
  103  6:49  Roach x5  
  103  6:51  Ravager x3  
  116  6:55  Extractor  
  116  6:57  Extractor  
  112  7:17  Queen  
  103  7:47  Drone x3  
  103  7:48  Drone x3  
  103  7:50  Drone  
  103  7:51  Drone x3  
  112  7:52  Queen, Drone x2  
  117  7:59  Zerg Missile Weapons Level 2, Zerg Ground Armor Level 2, Spore Crawler  
  117  8:00  Spore Crawler  
  117  8:01  Spore Crawler  
  114  8:07  Drone x6  
  120  8:13  Drone x4  
  124  8:32  Spore Crawler  
  123  8:35  Roach x8  
  123  8:38  Queen  
  123  8:40  Drone x3  
  134  8:44  Drone x2  
  134  8:47  Drone x2  
  134  8:48  Drone x4  
  135  8:59  Ravager x3  
  138  9:05  Spore Crawler  
  138  9:08  Overlord  
  138  9:09  Overlord  
  137  9:11  Overlord  
  137  9:12  Overlord  
  137  9:18  Hatchery  
  137  9:23  Ravager x2  
  138  9:38  Roach x15  
  166  9:55  Hatchery, Roach x2  
  166  9:56  Overlord x3  
  169  10:14  Overlord x3  
  169  10:21  Infestation Pit  
  168  10:32  Overlord  
  168  10:33  Overlord  
  168  10:34  Overlord  
  168  10:35  Overlord  
  168  10:36  Overlord  
  168  10:43  Ravager x2  
  168  10:44  Ravager x6  
  168  10:45  Ravager  
  168  10:46  Ravager x12  
  189  10:51  Extractor  
  189  10:55  Extractor  
  174  11:34  Hatchery  
  171  11:47  Lair  
  171  11:50  Hatchery x3  
  168  12:06  Drone x2  
  168  12:07  Drone  
  168  12:08  Drone x2  
  173  12:11  Roach x6  
  173  12:15  Ravager x8  
  190  12:16  Ravager x3  
  134  12:40  Roach x6  
  146  12:53  Hive  
  114  13:30  Roach x3  
  114  13:31  Roach x10  
  127  13:38  Roach  
  127  13:39  Roach  
  114  13:53  Drone  
  114  13:54  Drone x8  
  108  14:04  Ravager x7  
  116  14:24  Drone x2  
  116  14:26  Drone  
  116  14:28  Ravager x6  
  116  14:29  Roach, Ravager  
  116  14:30  Roach  
  129  14:50  Roach  
  129  14:51  Roach x14  
  157  15:26  Roach x16  
  189  15:46  Hatchery  
Show
View Real Time Build Order
Export as new Build Order

BallaDream Terran 

Build Orders: Reaper Expand, MMM Bio 

Get SALT Encoding   

  12  0:01  SCV  
  13  0:13  SCV  
  14  0:17  Supply Depot  
  14  0:25  SCV  
  14  0:28  Refinery  
  15  0:38  SCV  
  16  0:46  Barracks  
  16  0:50  SCV  
  17  1:02  SCV  
  18  1:15  SCV  
  19  1:33  Orbital Command, Reaper  
  20  1:48  Command Center  
  20  1:55  Refinery  
  20  1:58  SCV  
  21  2:06  Barracks Reactor  
  21  2:11  SCV  
  21  2:12  Supply Depot  
  22  2:23  SCV  
  22  2:40  SCV  
  23  2:55  Barracks  
  23  2:58  Factory  
  23  3:06  Supply Depot  
  23  3:16  SCV, Marine x2  
  23  3:19  Orbital Command  
  25  3:27  Engineering Bay  
  25  3:28  SCV  
  26  3:35  Marine  
  26  3:36  Barracks  
  26  3:40  SCV  
  28  3:46  SCV  
  28  3:48  Barracks Tech Lab  
  29  3:50  Factory Reactor  
  29  3:53  SCV  
  30  3:56  Engineering Bay  
  30  4:02  SCV  
  31  4:05  SCV  
  31  4:07  Terran Infantry Weapons Level 1  
  31  4:09  Stimpack  
  32  4:14  SCV  
  33  4:22  SCV  
  33  4:24  Marine x2  
  35  4:29  SCV  
  36  4:32  Supply Depot  
  36  4:34  SCV  
  36  4:36  Barracks Reactor  
  37  4:40  Terran Infantry Armor Level 1  
  37  4:41  Starport  
  37  4:42  SCV  
  37  4:44  Marine  
  39  4:48  Marine  
  39  4:49  Marine  
  39  4:51  SCV  
  42  4:54  Supply Depot  
  42  4:57  SCV  
  43  5:02  Marine  
  43  5:03  SCV  
  43  5:06  Marine x2  
  47  5:09  SCV  
  47  5:13  Refinery  
  48  5:14  Marine x2  
  48  5:15  SCV, Refinery  
  48  5:20  Marine  
  52  5:25  Marine  
  52  5:26  Marine, Supply Depot  
  52  5:27  Supply Depot  
  52  5:28  Factory Tech Lab  
  54  5:32  SCV x2  
  54  5:33  Marine x2  
  58  5:38  Marine  
  59  5:43  Marine x2  
  59  5:44  SCV  
  59  5:47  SCV, Armory  
  63  5:50  Marine  
  63  5:51  Marine  
  63  5:53  Medivac x2  
  69  5:57  Marine  
  69  6:01  Marine x2  
  69  6:02  SCV  
  73  6:05  SCV  
  73  6:08  Marine x2  
  73  6:10  Combat Shields  
  76  6:16  Supply Depot  
  76  6:19  Supply Depot  
  76  6:23  Medivac  
  78  6:37  Marine x2  
  78  6:38  Marine x3, Medivac  
  78  6:39  SCV  
  86  6:40  SCV  
  86  6:41  Terran Infantry Weapons Level 2  
  86  6:43  Terran Infantry Armor Level 2  
  87  6:54  Medivac  
  87  6:55  Marine x3  
  87  6:56  Marine x2  
  82  7:29  Marine x2  
  83  7:30  Marine x2  
  83  7:31  Marauder, Medivac, Siege Tank  
  93  7:43  SCV  
  94  7:44  Concussive Shells  
  94  7:50  Barracks, Command Center  
  94  7:51  Barracks  
  94  8:13  Supply Depot x2  
  94  8:17  Supply Depot  
  94  8:25  Marine  
  94  8:34  SCV, Marine x3, Medivac, Siege Tank  
  94  8:35  Marauder  
  102  8:43  Marine  
  89  8:50  Liberator x2, Barracks Tech Lab  
  89  8:51  Barracks Tech Lab  
  89  8:52  Marine x3  
  89  8:56  Marauder  
  89  9:02  Factory x2  
  91  9:07  Marine, Siege Tank  
  101  9:10  Terran Infantry Weapons Level 3, Marine, Terran Infantry Armor Level 3  
  101  9:12  Marauder  
  101  9:13  Marine x2  
  101  9:14  Marauder  
  108  9:18  Marauder  
  110  9:37  Marine x4  
  110  9:38  Marauder x2  
  108  9:47  Marauder  
  103  9:55  Marine x4  
  103  9:59  Marauder x2  
  111  10:14  Refinery x2, Supply Depot  
  111  10:15  Supply Depot  
  111  10:19  Factory Tech Lab x2  
  111  10:22  Marine x3  
  111  10:23  Marine  
  115  10:33  Orbital Command  
  115  10:39  Terran Vehicle Weapons Level 1, Supply Depot  
  115  10:40  Supply Depot  
  115  10:46  Marine x4  
  115  10:47  Marauder x3  
  115  10:48  Siege Tank  
  128  11:15  Marine x2  
  128  11:16  Marauder, Marine x2  
  128  11:17  Marauder x2  
  118  11:38  Marauder  
  95  11:52  Marine x4  
  95  11:53  Marauder x2, Siege Tank x3  
  109  11:54  Medivac x2  
  113  12:05  SCV x3  
  116  12:13  Marine x4  
  116  12:14  Marauder x3  
  95  12:35  Marauder  
  76  12:45  Marine x4  
  76  12:46  Marauder x2  
  76  12:47  Siege Tank x3  
  84  12:57  Marauder  
  86  13:02  Marine  
  86  13:03  Marine  
  66  13:07  Marauder x2  
  66  13:09  Marine x2  
  49  13:17  Marine  
  45  13:21  Marine x2  
  41  13:27  Marine x2  
  41  13:29  Marauder x2  
  46  13:36  Marauder  
  43  13:48  Marine x3  
  43  13:50  Marauder x2  
  45  13:56  Orbital Command  
  45  13:57  Marauder  
  47  14:11  Marauder  
  47  14:15  SCV x2  
  51  14:17  Factory Tech Lab  
  51  14:19  Marine x2  
  53  14:29  SCV x2  
  53  14:31  SCV  
  56  14:38  Siege Tank  
  59  14:44  SCV x3  
  59  14:45  Marine x4  
  66  14:53  Marauder x2  
  66  14:54  Marauder  
  63  15:08  Marine x2  
  63  15:09  Marine x2  
  56  15:28  Marine x2  
Tags
 
Add a new tag
Caveats
  • Supply blocks, unpowered buildings, or Contaminate may cause inaccurate times.
  • Supply counts are checked every 10 seconds.